 Dungeon Crawl Stone Soup version 0.26.1-11-gd32895ea62 (webtiles) character file.

Game seed: 12646374763486126367

4202 ubername the Frost Mage (level 10, -7/64 HPs)
             Began as a Barachi Ice Elementalist on June 4, 2021.
             Was a Follower of Cheibriados.
             Mangled by a two-headed ogre
             ... wielding a +0 giant spiked club
              (16 damage)
             ... on level 9 of the Dungeon.
             The game lasted 00:58:26 (12672 turns).

ubername the Frost Mage (Barachi Ice Elementalist) Turns: 12672, Time: 00:58:26

Health: -7/64      AC:  9    Str: 12    XL:     10   Next: 29%
Magic:  12/23      EV: 15    Int: 22    God:    Cheibriados [*.....]
Gold:   574        SH:  0    Dex: 22    Spells: 17/28 levels left

rFire    + + .     SeeInvis .   a - +3 rapier
rCold    + . .     Faith    .   (no shield)
rNeg     . . .     Spirit   .   d - +2 robe {rC+ rF+}
rPois    .         Reflect  .   p - +0 helmet
rElec    .         Harm     .   q - +2 cloak
rCorr    .         Rampage  .   (no gloves)
Will     .....                  x - +0 pair of boots
Stlth    +++.......             e - amulet of regeneration
HPRegen  0.60/turn              i - ring of protection from fire
MPRegen  0.18/turn              r - +6 ring of dexterity

@: can't hop, very slow
A: +LOS, swims, slowness 1, strong legs 1
a: Hop, Renounce Religion, Bend Time


You were on level 9 of the Dungeon.
You worshipped Cheibriados.
Cheibriados was aware of your devotion.
You visited 2 branches of the dungeon, and saw 10 of its levels.

You collected 574 gold pieces.

Inventory:

Hand Weapons
 a - a +3 rapier (weapon)
 b - a +0 hunting sling
Missiles
 h - 312 stones
 t - 5 atropa-tipped darts
 u - 74 sling bullets
Armour
 d - a +2 robe of resistance (worn)
 p - a +0 helmet (worn)
 q - a +2 cloak (worn)
 x - a +0 pair of boots (worn)
Jewellery
 e - an amulet of regeneration (around neck)
 i - a ring of protection from fire (left hand)
 r - a +6 ring of dexterity (right hand)
 w - an uncursed amulet of guardian spirit
 A - an uncursed ring of protection from cold
Wands
 f - a wand of iceblast (3)
 C - a wand of random effects (26)
 E - a wand of acid (18)
 H - a wand of polymorph (6)
Scrolls
 c - a scroll of noise
 j - 5 scrolls of remove curse
 k - 4 scrolls of teleportation
 m - a scroll of magic mapping
 o - 4 scrolls of amnesia
 s - a scroll of enchant armour
 y - a scroll of enchant weapon
 B - a scroll of fear {unknown}
 D - a scroll of immolation {unknown}
 F - 3 scrolls of identify
 K - a scroll of silence {unknown}
Potions
 g - 3 potions of ambrosia {unknown}
 l - 5 potions of curing
 n - 2 potions of resistance
 v - 3 potions of brilliance
 z - a potion of cancellation {unknown}
 G - a potion of lignification {unknown}
 I - a potion of invisibility
 J - a potion of flight {unknown}
 L - 2 potions of heal wounds {unknown}


   Skills:
 - Level 0.9 Fighting
 + Level 2.6 Short Blades
 - Level 0.6(1.3) Maces & Flails
 + Level 1.7(1.8) Staves
 + Level 5.2 Slings
 + Level 3.6 Dodging
 + Level 2.3 Stealth
 + Level 9.8 Spellcasting
 * Level 10.6 Ice Magic
 * Level 1.8 Invocations
 + Level 0.1 Evocations


You had 17 spell levels left.
You knew the following spells:

 Your Spells              Type           Power        Failure   Level
a - Freeze                Ice            100%         1%          1
b - Ozocubu's Armour      Ice            55%          1%          3
c - Frozen Ramparts       Ice            100%         1%          3
d - Hailstorm             Conj/Ice       34%          7%          4

Your spell library contained the following spells:

 Spells                   Type           Power        Failure   Level
 Animate Skeleton         Necr           20%          6%          1
 Apportation              Tloc           20%          6%          1
 Corona                   Hex            11%          6%          1
 Foxfire                  Conj/Fire      40%          6%          1
 Summon Small Mammal      Summ           40%          6%          1
 Summon Ice Beast         Ice/Summ       34%          7%          4
 Call Imp                 Summ           10%          10%         2
 Slow                     Hex            10%          10%         2
 Call Canine Familiar     Summ           10%          19%         3
 Conjure Flame            Conj/Fire      10%          19%         3
 Inner Flame              Hex/Fire       10%          19%         3
 Portal Projectile        Hex/Tloc       20%          19%         3
 Summon Guardian Golem    Hex/Summ       10%          19%         3
 Cause Fear               Hex            5%           52%         4
 Leda's Liquefaction      Hex/Erth       5%           52%         4
 Sticky Flame             Conj/Fire      10%          52%         4
 Summon Lightning Spire   Summ/Air       10%          52%         4
 Ignition                 Fire           5%           100%        8


Dungeon Overview and Level Annotations

Branches:
Dungeon (9/15)             Temple (1/1) D:7
   Lair: D:8-11         Orc: D:9-12

Altars:
Ashenzari
Cheibriados
Dithmenos
Elyvilon
Fedhas
Gozag
Hepliaklqana
Kikubaaqudgha
Makhleb
Nemelex Xobeh
Okawaru
Qazlal
Ru
Sif Muna
Trog
Uskayaw
Vehumet
Wu Jian
Xom
Zin
The Shining One

Shops:
D:4 (   D:5 (   D:6 (

Annotations:
D:9 3 runed translucent doors, Toast5's ghost, journeyman GrFi


Innate Abilities, Weirdness & Mutations

You can be seen from farther away. (+LOS)
You can swim through water.
You cover ground slowly.
You can hop short distances.


Message History

[Y]es or [N]o only, please.
Your icy armour and frozen ramparts will break if you move.
Continue? [Y]es or [N]o only, please.
Your icy armour and frozen ramparts will break if you move.
Continue? [Y]es or [N]o only, please.
Your icy armour and frozen ramparts will break if you move.
Continue?
Hop to where?
Press: ? - help, Dir - move target, p - two-headed ogre Your icy armour and frozen ramparts will break if you move.
Continue?
Okay, then.
Hop to where?
Press: ? - help, Dir - move target Your icy armour and frozen ramparts will break if you move.
Continue?
Your icy armour cracks and falls away as you move.
The frozen ramparts melt away as you move.
Boing!
There is a stone staircase leading up, spattered with blood here.
The two-headed ogre completely misses you.
The two-headed ogre hits you with a +0 giant spiked club!
You die...

..# #.# #.# #.# #.#
#.# #.#
###.###############
.†..............@.#
.########.#######O#
.# #.# #J# .# #.#
#.# .# #.# #.# ##
#.# #.# #.# ##.##
#.# #...# #.#
#.###.#


You could see a two-headed ogre and a jelly.

Vanquished Creatures
  An ugly thing (D:9)
  Sigmund (D:4)
  A water moccasin (D:8)
  2 orc warriors (D:6)
  2 ice beasts
  A black bear (D:9)
  A sky beast (D:7)
  2 phantoms
  2 ogres
  3 centaurs
  2 bullfrogs (D:7)
  3 scorpions
  8 wights
  6 killer bees
  A howler monkey (D:6)
  A vampire bat (D:3)
  A centaur zombie (D:9)
  A bullfrog zombie (D:7)
  2 orc priests
  A jelly (D:7)
  14 orc wizards
  2 bullfrog skeletons
  Crazy Yiuf (D:5)
  3 iguanas
  Ijyb (D:4)
  Natasha (thrice) (D:4)
  13 worker ants
  3 worker ant zombies
  8 adders
  2 shadow imps
  4 white imps
  2 ufetubi
  2 adder skeletons
  2 worms
  3 fire bats (D:3)
  9 leopard geckos
  32 orcs
  2 spectral bats (D:3)
  3 bat skeletons (D:3)
  A bat zombie (D:3)
  4 giant cockroaches
  4 goblins
  8 hobgoblins
  4 jackals (D:3)
  11 kobolds
  3 quokkas
  A ball python (D:2)
  11 bats (D:3)
  A bat simulacrum (D:3)
  3 frilled lizards
  A leopard gecko skeleton (D:6)
  A quokka skeleton (D:8)
  A quokka zombie (D:5)
  6 rats
211 creatures vanquished.

Vanquished Creatures (others)
  A bullfrog (D:8)
  An orc wizard (D:8)
  2 worker ants (D:8)
  An adder (D:8)
  A quokka (D:8)
  2 fungi (D:5)
  A plant (D:1)
9 creatures vanquished.

Grand Total: 220 creatures vanquished

Notes
Turn   | Place    | Note
-------+----------+-------------------------------------------
     0 | D:1      | ubername the Barachi Ice Elementalist began the quest for
                  | the Orb.
     0 | D:1      | Reached XP level 1. HP: 13/13 MP: 3/3
    80 | D:1      | Reached skill level 5 in Ice Magic
   287 | D:1      | Reached XP level 2. HP: 14/19 MP: 3/5
  1056 | D:2      | Reached XP level 3. HP: 20/25 MP: 4/7
  1516 | D:2      | Learned a level 3 spell: Ozocubu's Armour
  2303 | D:3      | Reached skill level 1 in Slings
  2303 | D:3      | Reached XP level 4. HP: 29/31 MP: 3/8
  2573 | D:3      | Reached XP level 5. HP: 34/36 MP: 4/10
  3542 | D:3      | Reached XP level 6. HP: 42/42 MP: 11/13
  3898 | D:4      | Reached skill level 5 in Spellcasting
  3987 | D:4      | Found Jeshy's Antique Weapon Shop.
  4004 | D:4      | Noticed Sigmund
  4054 | D:4      | Noticed Natasha
  4060 | D:4      | Killed Natasha
  4061 | D:4      | Reached skill level 6 in Ice Magic
  4107 | D:4      | Found a white marble altar of Elyvilon.
  4312 | D:4      | Reached XP level 7. HP: 47/47 MP: 7/14
  4482 | D:4      | Noticed Natasha
  4491 | D:4      | Killed Natasha
  4497 | D:4      | Noticed Natasha
  4505 | D:4      | Killed Natasha
  5062 | D:4      | Learned a level 3 spell: Frozen Ramparts
  5334 | D:4      | Noticed Ijyb
  5346 | D:4      | Killed Ijyb
  5352 | D:4      | Killed Sigmund
  5353 | D:4      | Reached skill level 7 in Ice Magic
  5974 | D:5      | Entered Level 5 of the Dungeon
  6173 | D:5      | Reached XP level 8. HP: 41/53 MP: 13/18
  6226 | D:5      | Reached skill level 1 in Short Blades
  6591 | D:5      | Found a blossoming altar of Fedhas.
  6946 | D:5      | Found Gilephye's Weapon Boutique.
  7069 | D:5      | Found a runed translucent door.
  7070 | D:5      | Noticed Crazy Yiuf
  7080 | D:5      | Killed Crazy Yiuf
  8003 | D:6      | Reached skill level 8 in Ice Magic
  8230 | D:6      | Reached XP level 9. HP: 27/58 MP: 14/21
  8382 | D:6      | Found a blossoming altar of Fedhas.
  8655 | D:6      | Reached skill level 9 in Ice Magic
  8683 | D:6      | Found a radiant altar of Vehumet.
  8824 | D:6      | Found Qucaicku's Weapon Shop.
  9418 | D:7      | Reached skill level 1 in Staves
  9670 | D:7      | Found a staircase to the Ecumenical Temple.
  9674 | D:7      | Identified the Almanac of Fire
  9687 | Temple   | Entered the Ecumenical Temple
  9897 | Temple   | Became a worshipper of Cheibriados the Contemplative
 10003 | D:7      | Found a shadowy altar of Dithmenos.
 10805 | D:8      | Found a broken altar of Ashenzari.
 11079 | D:8      | Reached skill level 10 in Ice Magic
 11111 | D:8      | Learned a level 4 spell: Hailstorm
 11192 | D:8      | Reached * piety under Cheibriados
 11242 | D:8      | Reached skill level 5 in Slings
 11509 | D:8      | Reached skill level 1 in Invocations
 11519 | D:8      | Reached XP level 10. HP: 59/64 MP: 16/23
 11610 | D:8      | Found a shimmering altar of Xom.
 11871 | D:8      | Found a shimmering blue altar of Sif Muna.
 11871 | D:8      | Found a glowing silver altar of Zin.
 11875 | D:8      | Found an ornate altar of the Wu Jian Council.
 12165 | D:9      | Found a runed translucent gate.
 12165 | D:9      | Found a runed translucent gate.
 12165 | D:9      | Found a runed translucent gate.
 12165 | D:9      | Noticed Toast5's ghost (journeyman GrFi)
 12165 | D:9      | Noticed a brown ugly thing
 12169 | D:9      | Noticed a two-headed ogre
 12556 | D:9      | Noticed a brown ugly thing
 12565 | D:9      | Killed a brown ugly thing
 12657 | D:9      | Noticed a two-headed ogre
 12672 | D:9      | Mangled by a two-headed ogre

Illustrated notes

Levels and vault maps discovered:
D:1:      matt_arrival_los_fun, layout_rooms, serial_forest,
          infiniplex_forest_clump_tiny, infiniplex_forest_end_1,
          infiniplex_forest_pool, infiniplex_forest_zigzag_1,
          infiniplex_forest_straight_3, infiniplex_forest_straight_2,
          minmay_pentomino_x2
D:2:      layout_loops_corners, grunt_decor_mini_mirrors
D:3:      layout_loops_ring, goddamned_bats
D:4:      layout_basic, serial_shops, shop, nicolae_zen_rock_garden,
          lemuel_altar_in_water, uniq_ijyb, uniq_natasha, uniq_sigmund
D:5:      layout_layer_cave, old_standard_altar, serial_shops,
          nicolae_shop_temple_entry_statues_fountains, uniq_crazy_yiuf_cottage
D:6:      layout_loops_ring, lemuel_round_altar, serial_shops,
          nicolae_shop_behind_doors, fedhas_altar_1
D:7:      kennysheep_six_static_rooms, layout_basic, grunt_dithmenos_shadows,
          minmay_temple_entry_overgrown
D:8:      layout_gridville, xom_confusion_cloud, grunt_temple_overflow_diamond,
          evilmike_ruin_ashenzari
D:9:      layout_loops_ring, lemuel_mausoleum_altar_yredelemnul,
          gammafunk_ghost_split, serial_rivers, chequers_serial_rivers_micro_a,
          chequers_serial_rivers_small_3, chequers_serial_rivers_small_3,
          chequers_serial_rivers_marsh
Temple:   dpeg_chambers_temple

Skill      XL: |  1  2  3  4  5  6  7  8  9 10 |
---------------+-------------------------------+-----
Ice Magic      | 5 6 7 8 10 | 10.6
Spellcasting   | 3 4 5 6 8 9 |  9.8
Slings         | 1 2 3 4 5 |  5.2
Stealth        | 2 |  2.3
Short Blades   | 1 2 |  2.6
Dodging        | 3 |  3.6
Staves         | 1 |  1.7
Invocations    | 1 |  1.8
Fighting       | |  0.9
Maces & Flails | |  0.6
Evocations     | |  0.1

Action                   |  1- 3 |  4- 6 |  7- 9 | 10-12 || total
-------------------------+-------+-------+-------+-------++-------
Melee: Whip              |    19 |    12 |       |       ||    31
       Flail             |       |    40 |       |       ||    40
       Short sword       |       |    17 |    22 |       ||    39
       Rapier            |       |       |    40 |    42 ||    82
       Hunting sling     |       |       |     2 |       ||     2
       Quarterstaff      |       |       |    37 |       ||    37
       Unarmed           |       |       |     5 |       ||     5
 Fire: Hunting sling     |    26 |    82 |   209 |     3 ||   320
 Cast: Freeze            |    37 |    72 |   133 |    15 ||   257
       Ozocubu's Armour  |     2 |    13 |    24 |     5 ||    44
       Frozen Ramparts   |       |       |    37 |     8 ||    45
       Hailstorm         |       |       |     1 |     4 ||     5
 Abil: Hop               |       |       |     1 |     1 ||     2
Evoke: Wand              |       |       |     5 |       ||     5
  Use: Potion            |     3 |       |     2 |       ||     5
       Scroll            |       |     2 |     8 |     1 ||    11
 Stab: Paralysed         |       |       |     1 |       ||     1
Armor: Robe              |     4 |   102 |    79 |    12 ||   197
Dodge: Dodged            |    27 |   186 |   161 |    41 ||   415
